 Dungeon Crawl Stone Soup version 0.31.0-32-g396128a36d (webtiles) character file.

Game seed: 17980223738545884966

6637 cdecastro the Fighter (level 10, -1/99 HPs)
             Began as an Armataur Warper on Mar 18, 2024.
             Was a Priest of Ignis.
             Slain by a two-headed ogre
             ... wielding a +0 giant club
              (18 damage)
             ... on level 10 of the Dungeon.
             The game lasted 00:15:43 (10163 turns).

cdecastro the Fighter (Armataur Warper)            Turns: 10163, Time: 00:15:43

Health: -1/99      AC:  8    Str: 20    XL:     10   Next: 72%
Magic:  5/12       EV:  9    Int: 21    God:    Ignis [***...]
Gold:   623        SH:  5    Dex: 10    Spells: 1/12 levels left

rFire   . . .        s - +2 glaive of Vojug {speed, rF- rC+ Str+3 Int+4}
rCold   + . .        (shield currently unavailable)
rNeg    . . .        H - +2 leather armour {rPois}
rPois   +            x - +0 helmet
rElec   .            n - +0 cloak
rCorr   .            (no gloves)
SInv    .            (no barding)
Will    +....        g - amulet of reflection
Stlth   +            j - ring of willpower
HPRegen 0.36/turn    D - ring of wizardry
MPRegen 0.13/turn

%: reflection, roll, wizardry (x1)
@: no status effects
A: large, deformed body, tough skin 3, armoured tail, roll 2
a: Renounce Religion, Fiery Armour, Foxfire Swarm, Rising Flame


You were on level 10 of the Dungeon.
You worshipped Ignis.
Ignis was most pleased with you.
You visited 2 branches of the dungeon, and saw 11 of its levels.

You collected 623 gold pieces.

Inventory:

Hand Weapons
 q - the +1 trident of the Wheel {flame, +Blink rPois rN+ Dex+3}
   (You found it on level 2 of the Dungeon)

   Dex+3:     It affects your dexterity (+3).
   rPois:     It protects you from poison rN+: It protects you from negative
   energy.
   +Blink:    It lets you blink.
 s - the +2 glaive of Vojug (weapon) {speed, rF- rC+ Str+3 Int+4}
   (You found it on level 3 of the Dungeon)

   Str+3:     It affects your strength (+3).
   Int+4:     It affects your intelligence (+4).
   rF-:       It makes you vulnerable to fire.
   rC+:       It protects you from cold.
 J - a +3 morningstar
Missiles
 b - 6 javelins
 d - 7 darts of dispersal
 r - 26 poisoned darts (quivered)
 C - 3 boomerangs
Armour
 n - a +0 cloak (worn)
 x - a +0 helmet (worn)
 H - a +2 leather armour of poison resistance (worn)
Jewellery
 g - an amulet of reflection (around neck)
 j - a ring of willpower (left hand)
 D - a ring of wizardry (right hand)
 E - an amulet of magic regeneration
Wands
 B - a wand of flame (34)
 F - a wand of iceblast (12)
Scrolls
 c - 2 scrolls of blinking
 f - 6 scrolls of revelation {unknown}
 k - 8 scrolls of identify {unknown}
 l - 2 scrolls of teleportation {unknown}
 m - 2 scrolls of amnesia {unknown}
 o - 4 scrolls of poison {unknown}
 p - 4 scrolls of enchant weapon {unknown}
 t - 4 scrolls of fog {unknown}
 y - 4 scrolls of enchant armour {unknown}
 G - 2 scrolls of torment {unknown}
 I - a scroll of immolation
Potions
 a - a potion of might {unknown}
 e - 5 potions of curing {unknown}
 h - 4 potions of haste {unknown}
 i - 4 potions of heal wounds {unknown}
 u - a potion of invisibility {unknown}
 v - 2 potions of berserk rage {unknown}
 w - 5 potions of magic {unknown}
 z - a potion of brilliance {unknown}
 A - 2 potions of ambrosia {unknown}


   Skills:
 - Level 12.3 Fighting
 - Level 1.7 Maces & Flails
 - Level 0.8 Throwing
 * Level 1.2 Armour
 - Level 1.3 Dodging
 - Level 1.7 Spellcasting
 - Level 10.1 Translocations


You had one spell level left.
You knew the following spells:

 Your Spells              Type           Power      Damage    Failure   Level
a - Blink                 Tloc           88%        N/A       1%          2
b - Lesser Beckoning      Tloc           88%        N/A       1%          2
c - Teleport Other        Tloc           44%        N/A       1%          3
d - Manifold Assault      Tloc           44%        N/A       1%          4

Your spell library contained the following spells:

 Spells                   Type           Power      Damage    Failure   Level
 Vhi's Electric Charge    Tloc/Air       46%        N/A       9%          4
 Ensorcelled Hibernation  Hex/Ice        2%         N/A       11%         2
 Fugue of the Fallen      Necr           1%         N/A       21%         3
 Ozocubu's Armour         Ice            1%         N/A       21%         3
 Passwall                 Erth           1%         N/A       21%         3
 Summon Ice Beast         Ice/Summ       1%         N/A       21%         3
 Swiftness                Air            1%         N/A       21%         3
 Anguish                  Hex/Necr       0%         N/A       54%         4
 Metabolic Englaciation   Hex/Ice        0%         N/A       86%         5
 Summon Mana Viper        Hex/Summ       1%         N/A       86%         5
 Sculpt Simulacrum        Ice/Alch       0%         N/A       100%        6
 Monstrous Menagerie      Summ           0%         N/A       100%        7


Dungeon Overview and Level Annotations

Branches:
Dungeon (10/15)            Temple (1/1) D:5
   Lair: D:8-11         Orc: D:9-12

Altars:
Ashenzari
Cheibriados
Dithmenos
Elyvilon
Fedhas
Gozag
Hepliaklqana
Kikubaaqudgha
Makhleb
Nemelex Xobeh
Okawaru
Qazlal
Ru
Sif Muna
Trog
Uskayaw
Vehumet
Wu Jian
Xom
Yredelemnul
Zin
The Shining One
Ignis

Shops:
D:7 [

Annotations:
D:8 1 runed translucent door, Justthedoctor22's ghost, novice DsGl


Innate Abilities, Weirdness & Mutations

Armour fits poorly on your strangely shaped body.
You have extremely tough skin. (AC +3)
You have a long armoured tail.
You regenerate magic and health when rolling toward enemies. (Rampage Regen)


Message History

The poisoned dart hits the two-headed ogre.
The two-headed ogre is poisoned.
Throw: 27 darts (poison)
Press: ? - help, Q - select action, (/) - cycle Shift-Dir - straight line, f/p - two-headed ogre
Aim: a two-headed ogre, wielding two +0 giant clubs (poisoned, 75% to hit)
You throw a poisoned dart.
The poisoned dart hits the two-headed ogre.
The two-headed ogre looks even sicker.
Unknown command.
Casting: Manifold Assault (mildly dangerous; 1% risk of failure)
Confirm with . or Enter, or press ? or * to list all spells.
Space momentarily warps into an impossible shape!
You barely miss the two-headed ogre.
Unknown command.
Unknown command.
Casting: Manifold Assault (mildly dangerous; 1% risk of failure)
Confirm with . or Enter, or press ? or * to list all spells.
Space momentarily warps into an impossible shape!
You hit the two-headed ogre.
The two-headed ogre hits you with a +0 giant club!!
The two-headed ogre hits you with a +0 giant club.
Unknown command.
Unknown command.
You slash the two-headed ogre!
The two-headed ogre is moderately wounded.
You barely miss the two-headed ogre.
The two-headed ogre is moderately wounded.
The two-headed ogre hits you but does no damage.
The two-headed ogre hits you with a +0 giant club!!
You slash the two-headed ogre! You tail-slap the two-headed ogre!
The two-headed ogre is almost dead.
The two-headed ogre hits you with a +0 giant club!!
* * * LOW HITPOINT WARNING * * *
The two-headed ogre hits you with a +0 giant club!
* * * LOW HITPOINT WARNING * * *
You barely miss the two-headed ogre.
The two-headed ogre is almost dead.
The two-headed ogre completely misses you.
The two-headed ogre hits you with a +0 giant club!!
You die...

#.....# #.# ...#.....#
+.# .$.#.....# #.#
....#.....# #.#
....#.....#
#.#.....+.....#
###.#.....#.....#
#+###...O..((.#.....####
.......@#######.........
........................
........................
.........#######........
.........# #.......#
###+####.+ #.......# #.#
#.......#
#.#+#####.......#
+...............#


You could see a two-headed ogre (poisoned).

Vanquished Creatures
  Erica (D:9)
  Joseph (D:7)
  A troll (D:9)
  A wraith (D:10)
  4 yaks (D:9)
  3 wyverns
  A steam dragon (D:6)
  Menkaure (D:5)
  2 water moccasins (D:8)
  An acid dragon (D:9)
  2 orc warriors (D:9)
  3 ice beasts
  2 black bears
  2 ogres (D:5)
  4 centaurs
  2 phantoms (D:5)
  A kobold brigand (D:7)
  A gnoll sergeant (D:8)
  2 bullfrogs
  8 scorpions
  11 wights
  A water moccasin skeleton (D:4)
  5 killer bees (D:8)
  A howler monkey (D:5)
  A bombardier beetle (D:3)
  An orc priest (D:9)
  A centaur zombie (D:4)
  Crazy Yiuf (D:2)
  A bullfrog skeleton (D:4)
  5 hounds
  4 jellies
  6 iguanas
  An orc wizard (D:8)
  3 scorpion zombies (D:4)
  A hound zombie (D:4)
  A hound skeleton (D:4)
  7 adders
  7 gnolls
  2 shadow imps
  A white imp (D:8)
  2 adder zombies (D:4)
  An adder skeleton (D:4)
  3 dart slugs
  A ribbon worm (D:2)
  15 orcs
  5 bats (D:1)
  5 endoplasms
  A giant cockroach (D:2)
  6 goblins
  3 hobgoblins
  3 jackals (D:1)
  11 kobolds
  5 quokkas
  8 ball pythons
  2 frilled lizards
  A rat (D:2)
176 creatures vanquished.

Vanquished Creatures (others)
  20 foxfires (D:9)
20 creatures vanquished.

Grand Total: 196 creatures vanquished

Notes
Turn   | Place    | Note
-------+----------+-------------------------------------------
     0 | D:1      | cdecastro the Armataur Warper began the quest for the Orb.
     0 | D:1      | Reached XP level 1. HP: 17/17 MP: 3/3
    37 | D:1      | Reached skill level 2 in Fighting
   142 | D:1      | Reached XP level 2. HP: 24/24 MP: 4/4
   583 | D:1      | Found a faded altar of an unknown god.
   819 | D:1      | Prayed at the altar of an unknown god.
   819 | D:1      | Became a worshipper of Ignis, the Dying Flame
  1010 | D:2      | Reached XP level 3. HP: 28/30 MP: 5/5
  1160 | D:2      | Reached skill level 3 in Fighting
  1422 | D:2      | Found an ancient bone altar of Kikubaaqudgha.
  1439 | D:2      | Reached XP level 4. HP: 38/38 MP: 6/6
  1759 | D:2      | Identified the +1 trident of the Wheel {flame, +Blink rPois
                  | rN+ Dex+3}
  1809 | D:2      | Found a runed translucent door.
  1810 | D:2      | Noticed Crazy Yiuf
  2464 | D:3      | Noticed a centaur
  2472 | D:3      | Killed a centaur
  2473 | D:3      | Reached skill level 4 in Fighting
  2473 | D:3      | Reached XP level 5. HP: 21/46 MP: 7/7
  2601 | D:3      | Learned a level 2 spell: Blink
  2654 | D:3      | Identified the +2 glaive of Vojug {speed, rF- rC+ Str+3
                  | Int+4}
  2704 | D:3      | Found a glowing silver altar of Zin.
  2867 | D:3      | Found a shimmering altar of Xom.
  3382 | D:4      | Noticed a +0 hand axe
  3382 | D:4      | Noticed a +0 dagger
  3382 | D:4      | Found a hide-covered altar of Uskayaw.
  3389 | D:4      | Reached XP level 6. HP: 51/55 MP: 8/8
  3428 | D:4      | Reached skill level 5 in Fighting
  3671 | D:4      | Reached skill level 5 in Translocations
  3958 | D:4      | Found a broken altar of Ashenzari.
  3980 | D:4      | Gained mutation: You regenerate magic and health when
                  | rolling toward enemies. (Rampage Regen) [Armataur growth]
  3980 | D:4      | Reached XP level 7. HP: 49/62 MP: 9/9
  4068 | D:4      | Learned a level 2 spell: Lesser Beckoning
  4072 | D:4      | Learned a level 3 spell: Teleport Other
  4119 | D:4      | Found a burning altar of Makhleb.
  4355 | D:5      | Entered Level 5 of the Dungeon
  4377 | D:5      | Reached skill level 6 in Fighting
  4445 | D:5      | Noticed Menkaure
  4452 | D:5      | Killed Menkaure
  4526 | D:5      | Found a staircase to the Ecumenical Temple.
  4595 | D:5      | Reached skill level 7 in Fighting
  4709 | D:5      | Reached XP level 8. HP: 71/73 MP: 10/10
  5070 | D:5      | Reached skill level 8 in Fighting
  5530 | Temple   | Found a transporter.
  5530 | Temple   | Found a transporter.
  5530 | Temple   | Found a transporter.
  5530 | Temple   | Found a transporter.
  5530 | Temple   | Entered the Ecumenical Temple
  5661 | D:2      | Killed Crazy Yiuf
  5885 | D:6      | Reached skill level 9 in Fighting
  5885 | D:6      | Reached XP level 9. HP: 60/83 MP: 11/11
  6261 | D:6      | Found a glowing golden altar of the Shining One.
  6926 | D:7      | Noticed Joseph
  7062 | D:7      | Found Ofob's Antique Armour Emporium.
  7091 | D:7      | Reached skill level 10 in Fighting
  7235 | D:7      | Killed Joseph
  7632 | D:7      | Learned a level 4 spell: Manifold Assault
  8080 | D:8      | Reached XP level 10. HP: 82/94 MP: 12/12
  8121 | D:8      | Reached skill level 11 in Fighting
  8249 | D:8      | Found a stormy altar of Qazlal.
  8265 | D:8      | Found a runed translucent door.
  8265 | D:8      | Noticed Justthedoctor22's ghost (novice DsGl)
  8533 | D:8      | Noticed a guardian serpent
  8534 | D:8      | a guardian serpent changed into a golden eye
  8759 | D:9      | Noticed Erica
  8763 | D:9      | Killed Erica
  9197 | D:9      | Reached skill level 12 in Fighting
  9213 | D:9      | Reached skill level 10 in Translocations
  9894 | D:10     | Entered Level 10 of the Dungeon
 10155 | D:10     | Noticed a two-headed ogre
 10163 | D:10     | Slain by a two-headed ogre

Illustrated notes

Levels and vault maps discovered:
D:1:      roadster_arrival_rocket_large, layout_loops_cross,
          basic_ecumenical_altar, serial_bayou, serial_bayou_ford_a,
          serial_bayou_pond_d, serial_bayou_crossing, serial_bayou_shore_b,
          minivault_4, st_stairs_13
D:2:      layout_basic, basic_altar, corexii_corridor_pit, serial_park_tiny_1,
          uniq_crazy_yiuf_cottage
D:3:      layout_basic, lemuel_coloured_pillars_altar,
          mainiacjoe_overflow_catwalk
D:4:      layout_basic, mainiacjoe_overflow_big_doors, dancing_weapons_uskayaw,
          serial_undead, serial_undead_f, serial_undead_d, serial_undead_d,
          serial_undead_c, serial_undead_b, serial_undead_d
D:5:      minmay_opposing_rooms, layout_basic, minmay_temple_entry_large_hall,
          uniq_menkaure
D:6:      layout_basic, mainiacjoe_overflow_cross_hatched, nicolae_letterblocks
          [nicolae_letter_subblock, nicolae_letter_subblock,
          nicolae_letter_subblock, nicolae_letter_subblock,
          nicolae_letter_subblock, nicolae_letter_subblock,
          nicolae_letter_subblock, nicolae_letter_subblock,
          nicolae_letter_subblock, nicolae_letter_subblock,
          nicolae_letter_subblock, nicolae_letter_subblock,
          nicolae_letter_subblock, nicolae_letter_subblock,
          nicolae_letter_subblock, nicolae_letter_subblock,
          nicolae_letter_subblock, nicolae_letter_subblock,
          nicolae_letter_subblock, nicolae_letter_subblock,
          nicolae_letter_subblock, nicolae_letter_subblock,
          nicolae_letter_subblock, nicolae_letter_subblock,
          nicolae_letter_subblock]
D:7:      layout_basic, serial_shops, nicolae_shop_gibbet_a_chance, uniq_joseph
D:8:      layout_loops_ring, mainiacjoe_overflow_alcove_1,
          ebering_ghost_inner_flame, minmay_fractal_squares_gapless_5
D:9:      layout_stronghold, grunt_ministairs_10, nicolae_sextant, uniq_erica
D:10:     layout_irregular_city, zombieorc2_lemuel, nicolae_trove_entry_columns,
          amcnicky_mini_corridor_feature, minivault_27, uniq_psyche
Temple:   hellmonk_temple_divided_pantheon

Skill      XL: |  1  2  3  4  5  6  7  8  9 10 |
---------------+-------------------------------+-----
Fighting       | 2 3 4 5 7 9 10 12 | 12.3
Translocations | 4 5 6 7 9 10 | 10.1
Maces & Flails | |  1.7
Throwing       | |  0.8
Armour         | |  1.2
Dodging        | |  1.3
Spellcasting   | |  1.7

Action                     |  1- 3 |  4- 6 |  7- 9 | 10-12 || total
---------------------------+-------+-------+-------+-------++-------
  Melee: Mace              |    95 |    27 |       |       ||   122
         Tailslap          |    10 |    11 |    43 |    18 ||    82
         Punch             |     1 |     1 |       |       ||     2
         Trident           |       |    16 |       |       ||    16
         Glaive            |       |    82 |   288 |   133 ||   503
  Throw: Dart              |       |       |    15 |     2 ||    17
   Cast: Manifold Assault  |       |       |       |     4 ||     4
 Invoke: Fiery Armour      |       |       |     3 |     1 ||     4
         Foxfire Swarm     |       |       |       |     1 ||     1
 Armour: Leather armour    |    80 |    92 |    67 |   118 ||   357
         Ring mail         |       |       |   141 |       ||   141
  Dodge: Dodged            |    42 |    40 |    89 |    52 ||   223
  Block: Other             |     9 |    27 |    49 |    32 ||   117
         Reflection        |     1 |     2 |     3 |     3 ||     9
